 Dungeon Crawl Stone Soup version 0.31.0-12-g77e489cdc1 (webtiles) character file.

Game seed: 4713962830476298510

430 M1RAB1L1S the Trooper (level 6, -9/53 HPs)
             Began as a Demigod Warper on Feb 13, 2024.
             Mangled by an ogre
             ... wielding a +0 giant spiked club
              (32 damage)
             ... on level 3 of the Dungeon.
             The game lasted 00:27:45 (3034 turns).

M1RAB1L1S the Trooper (Demigod Warper)              Turns: 3034, Time: 00:27:46

Health: -9/53      AC: 13    Str: 20    XL:     6   Next: 38%
Magic:  11/11      EV:  9    Int: 15    God:
Gold:   191        SH:  0    Dex: 19    Spells: 6/8 levels left

rFire   . . .        o - +0 long sword
rCold   . . .        (no shield)
rNeg    . . .        n - +0 chain mail
rPois   .            p - +0 helmet
rElec   .            h - +0 cloak
rCorr   .            (no gloves)
SInv    .            q - +0 pair of boots
Will    .....        (no amulet) Stlth
                     i - +6 ring of dexterity
HPRegen 0.28/turn    (no ring)
MPRegen 0.12/turn

%: no passive effects
@: no status effects
A: high MP 1, forlorn, divine attributes
a: no special abilities


You were on level 3 of the Dungeon.
You visited 1 branch of the dungeon, and saw 3 of its levels.

You collected 191 gold pieces.

Inventory:

Hand Weapons
 o - a +0 long sword (weapon)
Missiles
 d - 7 darts of dispersal
 j - 2 boomerangs
 t - 6 poisoned darts
Armour
 b - a +0 leather armour
 h - a +0 cloak (worn)
 n - a +0 chain mail (worn)
 p - a +0 helmet (worn)
 q - a +0 pair of boots (worn)
Jewellery
 i - a +6 ring of dexterity (left hand)
 r - a ring of fire
Talismans
 m - a serpent talisman
Scrolls
 a - a scroll of noise {unknown}
 c - a scroll of blinking
 f - a scroll of vulnerability {unknown}
 g - a scroll of identify {unknown}
 s - a scroll of teleportation {unknown}
Potions
 k - 2 potions of brilliance {unknown}
 l - a potion of might {unknown}


   Skills:
 + Level 4.7 Fighting
 - Level 1.7 Axes
 - Level 0.8 Throwing
 + Level 4.3 Armour
 - Level 1.7 Dodging
 - Level 1.0 Shields
 - Level 1.7 Spellcasting
 - Level 2.6 Translocations


You had 6 spell levels left.
You knew the following spells:

 Your Spells              Type           Power      Damage    Failure   Level
a - Blink                 Tloc           18%        N/A       63%         2

Your spell library contained the following spells:

 Spells                   Type           Power      Damage    Failure   Level
 Lesser Beckoning         Tloc           18%        N/A       63%         2
 Teleport Other           Tloc           9%         N/A       86%         3
 Call Imp                 Summ           2%         N/A       94%         2
 Mercury Vapours          Alch/Air       2%         N/A       94%         2
 Sublimation of Blood     Necr           1%         N/A       94%         2
 Inner Flame              Hex/Fire       1%         N/A       99%         3
 Mephitic Cloud           Conj/Alch/Air  1%         N/A       99%         3
 Manifold Assault         Tloc           9%         N/A       99%         4
 Flame Wave               Conj/Fire      1%         2d4       100%        4
 Sticky Flame             Fire/Alch      1%         2d4       100%        4
 Vhi's Electric Charge    Tloc/Air       10%        N/A       100%        4
 Freezing Cloud           Conj/Ice/Air   0%         6-21      100%        5
 Summon Hydra             Summ           0%         N/A       100%        7


Dungeon Overview and Level Annotations

Branches:
Dungeon (3/15)


Innate Abilities, Weirdness & Mutations

You have an increased reservoir of magic. (+10% MP)
You shall have no god before yourself.
Your divine heritage dramatically boosts your attributes as you level up.


Message History

Items here: )))))))) [[[ ††††††.
You start resting.
A gnoll is nearby!
You closely miss the gnoll. The gnoll closely misses you.
The gnoll hits you but does no damage.
You hit the gnoll.
The gnoll is lightly wounded.
The gnoll hits you with a +0 club.
You hit the gnoll.
The gnoll is heavily wounded.
The gnoll closely misses you.
You hit the gnoll.
The gnoll is almost dead.
The gnoll hits you with a +0 club. The gnoll hits you but does no damage.
You slash the gnoll!
You kill the gnoll!
An ogre comes into view. It is wielding a +0 giant spiked club.
The ogre shouts!
Items here: ))))))))) [[[ †††††††.
The jackal bites you but does no damage.
You see here a +0 halberd.
e - a +0 halberd The jackal closely misses you.
You drop a +0 halberd.
The jackal bites you but does no damage. x2
The jackal attacks as it pursues you!
The jackal bites you but does no damage.
Items here: ))))))))) [[[ †††††††.
The jackal closely misses you.
You barely miss the jackal. The jackal barely misses you.
You hit the ogre.
The ogre is lightly wounded.
You slash the ogre!
The ogre is heavily wounded.
The ogre hits you with a +0 giant spiked club!!
You slash the ogre!
The ogre is severely wounded.
The ogre hits you with a +0 giant spiked club!!
Ouch! That really hurt!
You die...

..##.............# #.#
####..##.#.#.....# ##.## #
#..##.#.#.....# #...#
#.......####### ###.#.###
#.##.##.# ##...#...# #.......#
#..#####.# ####.#### #....#...#
#.# ########.##.#.### #.#
#hO@.....##...#
#.######)#####..###### #
###...............###########
...........).....................
~≈~~~~....~≈~~~~~~~~~~~~~~~≈~...P
≈≈~~≈~....≈≈≈~~≈≈≈≈≈≈≈≈≈≈~~≈≈....
~~~≈~≈....~~~~~~~~~~~≈#####≈~....
......................#og.#≈~....
######+'''#############...#≈~P...


You could see an ogre and a jackal.

Vanquished Creatures
  A howler monkey (D:3)
  A bombardier beetle (D:3)
  A hound (D:3)
  4 orc wizards (D:3)
  Robin (D:2)
  8 gnolls (D:3)
  2 adders
  A ribbon worm (D:2)
  2 dart slugs
  10 orcs (D:3)
  8 bats
  7 endoplasms
  3 giant cockroaches
  20 goblins
  8 hobgoblins
  13 jackals
  8 kobolds
  4 quokkas
  7 ball pythons
  A frilled lizard (D:2)
  3 rats
113 creatures vanquished.

Notes
Turn   | Place    | Note
-------+----------+-------------------------------------------
     0 | D:1      | M1RAB1L1S the Demigod Warper began the quest for the Orb.
     0 | D:1      | Reached XP level 1. HP: 17/17 MP: 5/5
    36 | D:1      | Reached skill level 1 in Armour
   166 | D:1      | Reached XP level 2. HP: 19/24 MP: 7/7
   210 | D:1      | Learned a level 2 spell: Blink
   229 | D:1      | Reached skill level 1 in Shields
   450 | D:1      | Reached XP level 3. HP: 19/30 MP: 8/8
   969 | D:2      | Noticed Robin
  1061 | D:2      | Killed Robin
  1160 | D:2      | You fall into a shaft and drop 1 floor!
  1249 | D:2      | Reached XP level 4. HP: 35/38 MP: 9/9
  2273 | D:3      | Reached XP level 5. HP: 38/46 MP: 10/10
  2545 | D:3      | Identified the +1 ring mail "Buasaesi" {rN+ Dex-4 Stlth+}
  2870 | D:3      | Reached XP level 6. HP: 37/53 MP: 11/11
  3034 | D:3      | Mangled by an ogre

Illustrated notes

Levels and vault maps discovered:
D:1:      dpeg_arrival_orchard, layout_basic,
          shapermc_ecumenical_altar_mp_ritualfount, minmay_pentomino_z4
D:2:      wander_river, layout_loops_ring, serial_co_window_serial,
          co_window_corner_a, co_window_paths_a, co_window_cross_1,
          co_window_paths_a, co_window_paths_a, co_window_broadway_a,
          co_window_unsneaky_path_a, co_window_broadway_b, co_window_2corner,
          co_window_corner_b, co_window_paths_c, co_window_paths_d,
          glass_columns_a, glass_columns_a, glass_columns_a, glass_columns_a,
          hangedman_abyss_or_decor_lesser_grid, uniq_robin
D:3:      lemuel_castle_with_subvaults [lemuel_castle_interior_carwin_2],
          layout_loops_cross

Skill      XL: |  1  2  3  4  5  6 |
---------------+-------------------+-----
Armour         | 1 2 3 4 |  4.3
Fighting       | 2 3 4 |  4.7
Shields        | 1 |  1.0
Axes           | |  1.7
Throwing       | |  0.8
Dodging        | |  1.7
Spellcasting   | |  1.7
Translocations | |  2.6

Action                     |  1- 3 |  4- 6 || total
---------------------------+-------+-------++-------
  Melee: Hand axe          |   197 |    21 ||   218
         Punch             |     1 |     4 ||     5
         Long sword        |       |   186 ||   186
  Throw: Stone             |    21 |    11 ||    32
   Cast: Blink             |     1 |       ||     1
   Stab: Sleeping          |     2 |       ||     2
 Armour: Leather armour    |   124 |       ||   124
         Chain mail        |       |   207 ||   207
  Dodge: Dodged            |   122 |   123 ||   245
